 Dungeon Crawl Stone Soup version 0.29-a0-559-g359e09b9d1 (webtiles) character file.

Game seed: 11137493876409004795

95 Crownlay the Chopper (level 4, -1/39 HPs)
             Began as a Hill Orc Fighter on June 10, 2022.
             Slain by a gnoll
             ... wielding a +0 flail
              (9 damage)
             ... on level 3 of the Dungeon.
             The game lasted 00:02:07 (2451 turns).

Crownlay the Chopper (Hill Orc Fighter)             Turns: 2451, Time: 00:02:08

Health: -1/39      AC:  8    Str: 20    XL:     4   Next: 66%
Magic:  4/4        EV:  9    Int:  8    God:
Gold:   150        SH:  4    Dex: 10    Spells: 3/3 levels left

rFire   . . .      SeeInvis .   a - +0 war axe
rCold   . . .      Faith    .   c - +0 buckler
rNeg    . . .      Spirit   .   b - +0 scale mail
rPois   .          Reflect  .   (no helmet)
rElec   .          Harm     .   (no cloak)
rCorr   .          Rampage  .   (no gloves)
Will    .....                   l - +0 pair of boots
Stlth   ..........              (no amulet)
HPRegen 0.13/turn               (no ring)
MPRegen 0.09/turn               (no ring)

@: no status effects
A: no striking features
a: no special abilities


You were on level 3 of the Dungeon.
You visited 1 branch of the dungeon, and saw 3 of its levels.

You collected 150 gold pieces.

Inventory:

Hand Weapons
 a - a +0 war axe (weapon)
Armour
 b - a +0 scale mail (worn)
 c - a +0 buckler (worn)
 l - a +0 pair of boots (worn)
Wands
 r - a wand of digging (3)
Scrolls
 e - 3 scrolls of identify
 f - 2 scrolls of fog
 i - a scroll of enchant armour {unknown}
 j - 2 scrolls of teleportation
 k - a scroll of magic mapping {unknown}
 n - a scroll of silence {unknown}
 p - a scroll of vulnerability {unknown}
 s - a scroll of summoning {unknown}
Potions
 d - 2 potions of might
 g - a potion of resistance {unknown}
 h - a potion of flight {unknown}
 m - a potion of curing {unknown}
 o - a potion of magic {unknown}
 q - a potion of lignification {unknown}


   Skills:
 - Level 3.6 Fighting
 * Level 5.0 Axes
 + Level 3.7 Armour
 + Level 4.0 Shields
 + Level 0.4 Spellcasting


You had 3 spell levels left.
You didn't know any spells.
Your spell library was empty.

Dungeon Overview and Level Annotations

Branches:
Dungeon (3/15)

Altars:
Elyvilon


Message History

There are monsters nearby!
The gnoll hits you with a +0 halberd!
You completely miss the gnoll. You hit the gnoll but do no damage.
The gnoll hits you with a +0 halberd! The gnoll completely misses you.
You slash the gnoll!
The gnoll is almost dead.
You hit the gnoll. The gnoll closely misses you. You block the gnoll's attack.
You hit the gnoll.
You kill the gnoll!
You closely miss the gnoll. The gnoll closely misses you.
Your Axes skill increases to level 5!
You hit the gnoll but do no damage.
The gnoll is moderately wounded.
You barely miss the gnoll. The gnoll hits you with a +0 club.
The gnoll hits you with a +0 flail.
You are too injured to fight recklessly!
You are too injured to fight recklessly!
You are too injured to fight recklessly!
You are too injured to fight recklessly!
You are too injured to fight recklessly!
You are too injured to fight recklessly!
You are too injured to fight recklessly!
You are too injured to fight recklessly!
You are too injured to fight recklessly!
You are too injured to fight recklessly!
You are too injured to fight recklessly!
You are too injured to fight recklessly!
You are too injured to fight recklessly!
You barely miss the gnoll.
The gnoll is moderately wounded.
You closely miss the gnoll. The gnoll hits you but does no damage.
The gnoll closely misses you. The gnoll hits you with a +0 flail.
* * * LOW HITPOINT WARNING * * *
The gnoll hits you with a +0 club.
* * * LOW HITPOINT WARNING * * *
You closely miss the gnoll.
The gnoll is moderately wounded.
You hit the gnoll. The gnoll completely misses you.
The gnoll hits you with a +0 flail!
You die...

##...###...##
#.###...#..#
###...####.##
..# #..# .
##.## #..#
##.######
###...?.....
#g@.###.....
#..g### ....
#...## ...
...# #. ##


You could see 2 gnolls.

Vanquished Creatures
  A gnoll (D:3)
  2 adders (D:2)
  4 dart slugs
  9 ball pythons
  3 bats (D:1)
  6 endoplasms
  3 goblins
  8 hobgoblins
  2 jackals (D:2)
  4 quokkas
  A frilled lizard (D:2)
  5 kobolds
  5 rats
53 creatures vanquished.

Notes
Turn   | Place    | Note
-------+----------+-------------------------------------------
     0 | D:1      | Crownlay the Hill Orc Fighter began the quest for the Orb.
     0 | D:1      | Reached XP level 1. HP: 19/19 MP: 1/1
   122 | D:1      | Reached skill level 3 in Axes
   229 | D:1      | Reached XP level 2. HP: 23/26 MP: 2/2
   559 | D:1      | Reached skill level 4 in Axes
   681 | D:1      | Reached XP level 3. HP: 31/31 MP: 3/3
   840 | D:1      | Found a faded altar of an unknown god.
  1909 | D:2      | Identified the +0 robe "Juschaoxtu" {Dex+4}
  1959 | D:2      | Reached XP level 4. HP: 20/39 MP: 4/4
  2328 | D:3      | Found a white marble altar of Elyvilon.
  2449 | D:3      | Reached skill level 5 in Axes
  2451 | D:3      | Slain by a gnoll

Illustrated notes

Levels and vault maps discovered:
D:1:      onia_arrival_mini_spirals, layout_basic,
          chequers_ecumenical_altar_twisty
D:2:      layout_loops_ring
D:3:      minmay_skewed_foursquare, layout_loops_corners,
          mainiacjoe_overflow_chevrons, nicolae_overflow_hidden_temple,
          nicolae_overflow_crystal_walls, serial_rivers,
          chequers_serial_rivers_small_b, chequers_serial_rivers_room_a,
          chequers_serial_rivers_marsh, chequers_serial_rivers_micro_d,
          chequers_serial_rivers_large_b, chequers_serial_rivers_small_a,
          gammafunk_ghost_grave, grunt_decor_fettered

Skill      XL: |  1  2  3  4 |
---------------+-------------+-----
Axes           | 3 4 5 |  5.0
Shields        | 4 |  4.0
Fighting       | |  3.6
Armour         | |  3.7
Spellcasting   | |  0.4

Action                   |  1- 3 |  4- 6 || total
-------------------------+-------+-------++-------
Melee: War axe           |   129 |    35 ||   164
  Use: Scroll            |       |     2 ||     2
Armor: Scale mail        |    69 |    16 ||    85
Dodge: Dodged            |    53 |    14 ||    67
Block: Buckler           |    28 |     5 ||    33

Table legend: (Time is in decaauts)
 A = Elapsed time spent in this place.
 B = Non-inter-level travel time spent in this place.
 C = Inter-level travel time spent in this place.
 D = Time resting spent in this place.
 E = Time spent auto-exploring this place.
 F = Levels seen in this place.
 G = Mean time per level.
                   A        B        C        D        E       F      G
               +--------+--------+--------+--------+--------+-----+--------+
         Total |   2505 |   2377 |    128 |      0 |   1984 |   3 |  835.0 |
       Dungeon |   2505 |   2377 |    128 |      0 |   1984 |   3 |  835.0 |
               +--------+--------+--------+--------+--------+-----+--------+

Top non-repeatable levels by time:
     D:1: 1382 daAuts
     D:2: 965 daAuts
     D:3: 157 daAuts
